 Dungeon Crawl Stone Soup version 0.31-a0-43-g46d131a48f (webtiles) character file.

Game seed: 16883740862832754162

16341 pk666 the Thaumaturge (level 12, -10/59 HPs)
             Began as a Deep Elf Fire Elementalist on May 18, 2023.
             Was an Initiate of Vehumet.
             Shot with an arrow by a centaur warrior (23 damage)
             ... on level 11 of the Dungeon.
             The game lasted 00:28:10 (14759 turns).

pk666 the Thaumaturge (Deep Elf Fire Elementalist) Turns: 14759, Time: 00:28:10

Health: -10/59     AC:  6    Str:  5    XL:     12   Next: 9%
Magic:  25/31      EV: 18    Int: 26    God:    Vehumet [......]
Gold:   653        SH:  0    Dex: 15    Spells: 19/37 levels left

rFire   . . .        i - +1 dagger (protect)
rCold   + . .        (no shield)
rNeg    + . .        n - +1 robe "Demyasch" {rN+ Str+3}
rPois   +            (no helmet)
rElec   .            H - +1 cloak {rPois}
rCorr   +            (no gloves)
SInv    .            A - +0 pair of boots {Fly}
Will    ++...        (no amulet)
Stlth   ++           q - ring "Qekydd" {Ice rPois Will+ rCorr Str-3}
HPRegen 0.29/turn    t - ring of protection from fire
MPRegen 0.22/turn

%: no passive effects
@: flying
A: no striking features
a: Renounce Religion


You were on level 11 of the Dungeon.
You worshipped Vehumet.
Vehumet was noncommittal.
You visited 2 branches of the dungeon, and saw 12 of its levels.

You collected 653 gold pieces.

Inventory:

Hand Weapons
 i - a +1 dagger of protection (weapon)
Armour
 n - the +1 robe "Demyasch" (worn) {rN+ Str+3}
   (You found it on level 2 of the Dungeon)

   Str:       It affects your strength (+3).
   rN:        It protects you from negative energy.
 A - a +0 pair of boots of flying (worn)
 H - a +1 cloak of poison resistance (worn)
Jewellery
 q - the ring "Qekydd" (left hand) {Ice rPois Will+ rCorr Str-3}
   (You found it on level 3 of the Dungeon)

   [ring of ice]

   It enhances your ice magic.
   Str:       It affects your strength (-3).
   rF:        It makes you vulnerable to fire.
   rC:        It protects you from cold.
   rPois:     It protects you from poison.
   rCorr:     It protects you from acid and corrosion.
   Will:      It increases your willpower.
 t - a ring of protection from fire (right hand)
 C - an amulet of faith
 D - the amulet of Elemental Vulnerability {rPois rF-- rC-- AC+8}
   (You found it on level 7 of the Dungeon)

   [amulet of nothing]

   AC:        It affects your AC (+8).
   rF:        It makes you very vulnerable to fire.
   rC:        It makes you very vulnerable to cold.
   rPois:     It protects you from poison.
 J - a +4 ring of protection
Wands
 r - a wand of roots (31)
 G - a wand of digging (6)
 L - a wand of light (3)
 N - a wand of mindburst (10)
Scrolls
 c - 4 scrolls of fear
 d - 6 scrolls of teleportation
 e - a scroll of magic mapping {unknown}
 f - 2 scrolls of fog {unknown}
 g - 2 scrolls of silence {unknown}
 h - 4 scrolls of enchant weapon
 j - a scroll of vulnerability {unknown}
 o - 2 scrolls of amnesia {unknown}
 w - a scroll of torment {unknown}
 y - 2 scrolls of enchant armour {unknown}
 z - 2 scrolls of poison {unknown}
 E - a scroll of noise {unknown}
 F - a scroll of immolation {unknown}
 K - 2 scrolls of identify
Potions
 a - 2 potions of haste
 k - 2 potions of might {unknown}
 l - a potion of ambrosia {unknown}
 m - 2 potions of cancellation
 p - 8 potions of curing
 s - a potion of lignification {unknown}
 u - 2 potions of brilliance
 v - 2 potions of attraction {unknown}
 x - a potion of flight {unknown}
 B - 2 potions of mutation
 I - 2 potions of heal wounds {unknown}
 M - a potion of berserk rage {unknown}


   Skills:
 + Level 12.3 Dodging
 - Level 2.4 Stealth
 + Level 13.3 Spellcasting
 + Level 11.1 Conjurations
 + Level 11.5 Fire Magic


You had 19 spell levels left.
You knew the following spells:

 Your Spells              Type           Power      Damage    Failure   Level
a - Foxfire               Conj/Fire      100%       2x1d9     1%          1
b - Scorch                Fire           100%       2d9       1%          2
c - Flame Wave            Conj/Fire      66%        2d15      1%          4
d - Fireball              Conj/Fire      33%        3d14      1%          5
e - Starburst             Conj/Fire      33%        6d10      4%          6

Your spell library contained the following spells:

 Spells                   Type           Power      Damage    Failure   Level
 Inner Flame              Hex/Fire       47%        N/A       1%          3
 Volatile Blastmotes      Fire/Tloc      94%        2d17      1%          3
 Vhi's Electric Charge    Tloc/Air       34%        N/A       10%         3
 Arcjolt                  Conj/Air       23%        1d33      10%         5
 Plasma Beam              Fire/Air       23%        2x1d39    43%         6
 Maxwell's Capacitive Co  Air            8%         ∞         100%        8


Dungeon Overview and Level Annotations

Branches:
Dungeon (11/15)            Temple (1/1) D:7            Lair (0/5) D:11
    Orc (0/2) D:10

Altars:
Ashenzari
Cheibriados
Dithmenos
Elyvilon
Fedhas
Gozag
Hepliaklqana
Kikubaaqudgha
Makhleb
Nemelex Xobeh
Okawaru
Qazlal
Ru
Sif Muna
Trog
Uskayaw
Vehumet
Wu Jian
Xom
Yredelemnul
Zin
The Shining One

Shops:
D:7 :   D:8 [

Annotations:
D:10 3 runed translucent doors, Returnofthet's ghost, journeyman DsGl


Message History

Okay, then.
The centaur shoots an arrow.
The arrow closely misses you.
You hear a shout! x2
The centaur warrior wields a +0 shortbow.
The centaur warrior shoots an arrow.
The arrow hits you!
The centaur warrior shoots an arrow.
The arrow barely misses you.
Casting: Scorch (safe; 1% risk of failure)
Confirm with . or Enter, or press ? or * to list all spells.
The spell is quite dangerous to miscast (4% risk of failure)!
Continue anyway?
Casting: Starburst (quite dangerous; 4% risk of failure)
Press: ? - help, Dir - look around, f - activate The bolt of fire hits the centaur warrior!!
The centaur warrior is heavily wounded.
The bolt of fire hits the centaur!!!
You kill the centaur!
Vehumet accepts your kill.
The centaur warrior shoots an arrow.
The arrow hits you!
Casting: Starburst (quite dangerous; 4% risk of failure)
Confirm with . or Enter, or press ? or * to list all spells.
The spell is quite dangerous to miscast (4% risk of failure)!
Continue anyway?
Casting: Starburst (quite dangerous; 4% risk of failure)
Press: ? - help, Dir - look around, f - activate The bolt of fire hits the centaur warrior!!
The centaur warrior is almost dead.
The centaur warrior shoots an arrow.
The arrow hits you!!
* * * LOW HITPOINT WARNING * * *
The centaur warrior shoots an arrow.
The arrow barely misses you.
Okay, then.
As you read the scroll of fear, it crumbles to dust.
You assume a fearsome visage.
The centaur warrior looks frightened!
The centaur looks frightened!
The centaur wields a +0 shortbow.
The centaur shoots an arrow.
The arrow hits you.
* * * LOW HITPOINT WARNING * * *
The centaur shoots an arrow.
The arrow completely misses you.
As you read the scroll of fear, it crumbles to dust.
You assume a fearsome visage.
The centaur looks frightened!
There is a stone staircase leading down here.
The centaur warrior shoots an arrow.
The arrow hits you!!
You die...

#.# #..........#
#.###...c......#
#.....###.######
####### #..# ..#
###.### ..#
###.....####.#
#.........##.#
#...........#.#
#..........@...#
.......>.......#
...P...........#
.#..P........#.#
##.....^...##÷#
###.....####.#
....###...<#
.### ######


You could see a centaur warrior.

Vanquished Creatures
  2 two-headed ogres
  An elephant (D:10)
  Maurice (D:9)
  A gargoyle (D:10)
  An unseen horror (D:10)
  A meliai (D:8)
  Grinder (D:3)
  3 hornets
  A slime creature (D:8)
  11 yaks (D:9)
  A shadow (D:10)
  A basilisk (D:11)
  2 wyverns
  6 steam dragons
  Menkaure (D:6)
  A two-headed ogre zombie (D:10)
  Duvessa (D:7)
  3 water moccasins
  An ice beast (D:8)
  3 orc warriors
  A sky beast (D:7)
  2 black bears
  4 ogres
  2 centaurs
  2 phantoms (D:10)
  2 kobold brigands (D:8)
  Blork the orc (D:6)
  6 bullfrogs
  A gnoll sergeant (D:8)
  2 scorpions (D:6)
  Dowan (D:7)
  A troll zombie (D:10)
  11 wights
  9 killer bees
  5 orc priests
  4 jellies
  A gnoll bouda (D:5)
  7 hounds
  2 sleepcaps
  4 iguanas
  Ijyb (D:3)
  Natasha (thrice) (D:2)
  Terence (D:2)
  12 orc wizards
  5 ogre zombies (D:10)
  9 gnolls
  5 adders
  2 white imps
  2 ufetubi
  3 worms
  2 dart slugs
  20 orcs
  7 ball pythons
  9 endoplasms
  11 hobgoblins
  3 jackals
  4 quokkas
  5 bats
  3 frilled lizards
  13 goblins
  4 goblin zombies (D:10)
  2 hobgoblin skeletons (D:10)
  3 hobgoblin zombies (D:10)
  9 kobolds
  An orc skeleton (D:10)
  15 orc zombies (D:10)
  4 rats
269 creatures vanquished.

Vanquished Creatures (others)
  552 foxfires
552 creatures vanquished.

Grand Total: 821 creatures vanquished

Notes
Turn   | Place    | Note
-------+----------+-------------------------------------------
     0 | D:1      | pk666 the Deep Elf Fire Elementalist began the quest for
                  | the Orb.
     0 | D:1      | Reached XP level 1. HP: 10/10 MP: 6/6
    84 | D:1      | Reached XP level 2. HP: 6/15 MP: 0/8
   759 | D:1      | Reached XP level 3. HP: 19/19 MP: 6/10
   793 | D:1      | Learned a level 2 spell: Scorch
   891 | D:1      | Found a faded altar of an unknown god.
  1260 | D:2      | Noticed Terence
  1272 | D:2      | Killed Terence
  1427 | D:2      | Noticed Natasha
  1431 | D:2      | Killed Natasha
  1432 | D:2      | Reached skill level 4 in Spellcasting
  1432 | D:2      | Reached XP level 4. HP: 24/24 MP: 9/12
  1502 | D:2      | Noticed Natasha
  1507 | D:2      | Killed Natasha
  1716 | D:2      | Noticed Natasha
  1726 | D:2      | Killed Natasha
  1727 | D:2      | Reached XP level 5. HP: 28/28 MP: 7/13
  2343 | D:2      | Identified the +1 robe "Demyasch" {rN+ Str+3}
  3095 | D:3      | Noticed Grinder
  3107 | D:3      | Killed Grinder
  3108 | D:3      | Reached skill level 5 in Spellcasting
  3108 | D:3      | Reached skill level 5 in Fire Magic
  3108 | D:3      | Reached XP level 6. HP: 19/32 MP: 4/15
  3194 | D:3      | Identified the +2 hand axe of Haxaf {flame, +Blink rC+}
  3466 | D:3      | Identified the ring "Qekydd" {Ice rPois Will+ rCorr Str-3}
  3483 | D:3      | Noticed Ijyb
  3486 | D:3      | Killed Ijyb
  3963 | D:4      | Reached skill level 5 in Dodging
  4034 | D:4      | Reached XP level 7. HP: 36/36 MP: 11/17
  4277 | D:4      | Learned a level 4 spell: Flame Wave
  4444 | D:4      | Found a white marble altar of Elyvilon.
  4726 | D:5      | Entered Level 5 of the Dungeon
  4863 | D:4      | Reached skill level 6 in Spellcasting
  5427 | D:5      | Reached skill level 5 in Conjurations
  5696 | D:5      | Reached XP level 8. HP: 41/41 MP: 10/20
  6118 | D:5      | Reached skill level 7 in Spellcasting
  6197 | D:5      | You fall into a shaft and drop 3 floors!
  6392 | D:6      | Found an opulent altar of Gozag.
  7252 | D:6      | Noticed Menkaure
  7257 | D:6      | Killed Menkaure
  7258 | D:6      | Reached skill level 8 in Spellcasting
  7570 | D:6      | Noticed Blork the orc
  7580 | D:6      | Killed Blork the orc
  7581 | D:6      | Reached XP level 9. HP: 27/45 MP: 18/23
  7955 | D:7      | Found Pat Myat's Book Shop.
  8169 | D:7      | Found the amulet of Elemental Vulnerability {rPois rF--
                  | rC-- AC+8}
  8239 | D:7      | Reached skill level 9 in Spellcasting
  8345 | D:7      | Found a staircase to the Ecumenical Temple.
  8362 | Temple   | Entered the Ecumenical Temple
  8653 | D:7      | Found a burning altar of Makhleb.
  8739 | D:7      | Found a sparkling altar of Nemelex Xobeh.
  8744 | D:7      | Noticed Duvessa
  8749 | D:7      | Killed Duvessa
  8750 | D:7      | Noticed Dowan
  8761 | D:7      | Killed Dowan
  9165 | D:8      | Noticed a two-headed ogre
  9177 | D:8      | Killed a two-headed ogre
  9178 | D:8      | Reached XP level 10. HP: 50/50 MP: 13/25
  9252 | D:8      | Learned a level 5 spell: Fireball
  9431 | D:8      | Reached skill level 10 in Spellcasting
  9622 | D:8      | Reached skill level 10 in Dodging
  9622 | D:8      | Reached skill level 11 in Spellcasting
  9622 | D:8      | Reached skill level 10 in Fire Magic
  9622 | D:8      | Reached XP level 11. HP: 54/54 MP: 26/28
  9668 | D:8      | Reached skill level 12 in Spellcasting
  9867 | D:8      | Reached skill level 10 in Conjurations
 10429 | D:8      | Found Oxzif's Armour Shoppe.
 11106 | D:9      | Noticed Maurice
 11110 | D:9      | Killed Maurice
 11199 | D:9      | Found a glowing golden altar of the Shining One.
 11936 | D:9      | Noticed a two-headed ogre
 11940 | D:9      | Killed a two-headed ogre
 12748 | D:10     | Entered Level 10 of the Dungeon
 12831 | D:10     | Found a runed translucent gate.
 12831 | D:10     | Noticed a yaktaur captain
 12832 | D:10     | Found a runed translucent gate.
 12832 | D:10     | Noticed Returnofthet's ghost (journeyman DsGl)
 12833 | D:10     | Found a runed translucent gate.
 12833 | D:10     | Noticed a two-headed ogre
 12871 | D:10     | Reached skill level 13 in Spellcasting
 13409 | D:10     | Found a hazy altar of Hepliaklqana.
 13705 | D:10     | Found a stormy altar of Qazlal.
 13706 | D:10     | Found a basalt altar of Yredelemnul.
 13706 | D:10     | Found a radiant altar of Vehumet.
 13706 | D:10     | Found a broken altar of Ashenzari.
 13709 | D:10     | Found a bloodstained altar of Trog.
 13710 | D:10     | Found a glowing silver altar of Zin.
 13710 | D:10     | Found a hide-covered altar of Uskayaw.
 13735 | D:10     | Became a worshipper of Vehumet
 13772 | D:10     | Found a staircase to the Orcish Mines.
 14176 | D:10     | Reached XP level 12. HP: 59/59 MP: 4/31
 14485 | D:10     | Learned a level 6 spell: Starburst
 14502 | D:11     | Found a staircase to the Lair.
 14720 | D:11     | Noticed a centaur warrior
 14759 | D:11     | Shot with an arrow by a centaur warrior

Illustrated notes

Levels and vault maps discovered:
D:1:      dpeg_arrival_simpleton_b, layout_basic,
          shapermc_ecumenical_altar_venn, minmay_hexomino_u4
D:2:      minmay_chambers_of_ones, layout_basic, uniq_terence, uniq_natasha
D:3:      layout_basic, uniq_ijyb, uniq_grinder
D:4:      layout_cave_pools, elyvilon_altar_3, minmay_fractal_squares_diagonal_5
D:5:      minmay_skewed_foursquare, layout_layer_cave
D:6:      layout_loops_ring, lemuel_tele_altar, uniq_menkaure,
          uniq_blork_the_orc
D:7:      layout_basic, nemelex_dance_club_becter,
          mainiacjoe_overflow_six_doors_small, minmay_temple_entry_ruins,
          serial_shops, shop, enter_bailey_3, nrook_loot_triangle,
          chequers_serial_rivers_micro_c, uniq_duvessa
D:8:      minmay_quarter_circles, layout_basic, serial_shops, shop,
          moated_statue, kennysheep_generic_room_12
D:9:      layout_stronghold, tso_metal_star, uniq_maurice
D:10:     layout_loops_corners, grunt_temple_overflow_open,
          lemuel_crystal_altar, zombieorc2_lemuel, gammafunk_ghost_split,
          hangedman_decor_push
D:11:     layout_basic, david_lair_generic, kennysheep_generic_room_7,
          uniq_nergalle
Temple:   hellmonk_temple_beads

Skill      XL: |  1  2  3  4  5  6  7  8  9 10 11 |
---------------+----------------------------------+-----
Dodging        | 3 4 5 6 7 9 10 12 | 12.3
Conjurations   | 2 3 4 5 6 8 9 11 | 11.1
Spellcasting   | 4 5 6 8 9 11 13 | 13.3
Fire Magic     | 4 5 6 7 8 10 11 | 11.5
Stealth        | |  2.4

Action                     |  1- 3 |  4- 6 |  7- 9 | 10-12 || total
---------------------------+-------+-------+-------+-------++-------
  Melee: Dagger            |       |       |       |     1 ||     1
   Cast: Foxfire           |    72 |    86 |   118 |    69 ||   345
         Scorch            |     5 |    15 |    89 |    57 ||   166
         Flame Wave        |       |       |     9 |    20 ||    29
         Fireball          |       |       |       |    59 ||    59
         Starburst         |       |       |       |     2 ||     2
    Use: Potion            |       |       |     1 |     2 ||     3
         Scroll            |       |       |       |    12 ||    12
 Armour: Robe              |     3 |       |     9 |    18 ||    30
  Dodge: Dodged            |    29 |     2 |    42 |    41 ||   114

Table legend: (Time is in decaauts)
 A = Elapsed time spent in this place.
 B = Non-inter-level travel time spent in this place.
 C = Inter-level travel time spent in this place.
 D = Time resting spent in this place.
 E = Time spent auto-exploring this place.
 F = Levels seen in this place.
 G = Mean time per level.
                   A        B        C        D        E       F      G
               +--------+--------+--------+--------+--------+-----+--------+
         Total |  14758 |  14369 |    389 |   3078 |   9523 |  12 | 1229.8 |
       Dungeon |  14644 |  14265 |    379 |   3078 |   9430 |  11 | 1331.3 |
        Temple |    113 |    103 |     10 |      0 |     93 |   1 |  113.0 |
               +--------+--------+--------+--------+--------+-----+--------+

Top non-repeatable levels by time:
     D:8: 2115 daAuts
     D:5: 1988 daAuts
     D:9: 1802 daAuts
    D:10: 1763 daAuts
     D:3: 1428 daAuts
     D:2: 1310 daAuts
     D:1: 1126 daAuts
     D:7: 1104 daAuts
     D:6: 955 daAuts
     D:4: 931 daAuts
    D:11: 120 daAuts
  Temple: 113 daAuts
